 Dungeon Crawl Stone Soup version 0.23.2-33-g5129a83184 (webtiles) character file.

Game seed: 9448567294798294573

82 DildoBatman the Conjurer (level 4, -3/30 HPs)
             Began as a Formicid Wizard on July 3, 2019.
             Slain by an ogre
             ... wielding a +0 giant club
              (29 damage)
             ... on level 3 of the Dungeon.
             The game lasted 00:07:07 (2920 turns).

DildoBatman the Conjurer (Formicid Wizard)          Turns: 2920, Time: 00:07:08

Health: -3/30      AC:  2    Str: 11    XL:     4   Next: 70%
Magic:  5/8        EV: 13    Int: 19    God:
Gold:   102        SH:  3    Dex:  9    Spells: 2/9 levels left

rFire    . . .     SeeInvis +   a - +0 spear (curse)
rCold    . . .     Gourm    .   p - +0 buckler
rNeg     . . .     Faith    .   k - +0 robe
rPois    .         Spirit   .   (helmet unavailable)
rElec    .         Reflect  .   (no cloak)
rCorr    .         Harm     .   (no gloves)
MR       .....                  (no boots)
Stlth    +.........             (no amulet)
HPRegen  0.10/turn              c - +3 ring of evasion
MPRegen  0.11/turn              (no ring)

@: very slightly contaminated, heavily drained
A: permanent stasis, dig shafts and tunnels, four strong arms, antennae 3
a: Dig, Shaft Self


You were on level 3 of the Dungeon.
You were very hungry.

You visited 1 branch of the dungeon, and saw 4 of its levels.

You collected 102 gold pieces.

Inventory:

Hand Weapons
 a - a cursed +0 spear (weapon)
 b - a +0 hunting sling
Missiles
 d - 130 stones (quivered)
 g - 9 arrows
 m - 63 bolts
 q - 12 poisoned needles
 r - 30 sling bullets
Armour
 k - a +0 robe (worn)
 p - a +0 buckler (worn)
Jewellery
 c - a +3 ring of evasion (left hand)
Scrolls
 e - 4 scrolls of identify {unknown}
 f - 2 scrolls of noise {unknown}
 i - a scroll of magic mapping {unknown}
 l - a scroll of remove curse {unknown}
 s - a scroll of teleportation {unknown}
Potions
 h - 3 potions of curing {unknown}
 j - a potion of agility {unknown}
 n - a potion of magic {unknown}
 t - a potion of might {unknown}
Comestibles
 o - 2 chunks of flesh
 v - 6 rations


   Skills:
 - Level 1.7(0.2) Dodging
 - Level 2.4(0.9) Stealth
 * Level 1.6(0.1) Shields
 - Level 3.2(1.7) Spellcasting
 * Level 3.4(1.8) Conjurations
   Level 1.0(0.0) Summonings
   Level 0.8(0.0) Translocations


You had 2 spell levels left.
You knew the following spells:

 Your Spells              Type           Power        Failure   Level  Hunger
a - Conjure Flame         Conj/Fire      #.......     50%         3    ###....
c - Magic Dart            Conj           #...         13%         1    #......
e - Mephitic Cloud        Conj/Pois/Air  #.......     54%         3    ###....

Your spell library contained the following spells:

 Spells                   Type           Power        Failure   Level  Hunger
 Call Imp                 Summ           #.......     38%         2    ###....
 Slow                     Hex            #.......     38%         2    ###....
 Blink                    Tloc           Unusable     N/A         2    N/A

Dungeon Overview and Level Annotations

Branches:
Dungeon (4/15)
 Temple: D:4-7

Altars:
Qazlal
Sif Muna

Annotations:
D:2 Jessica


Innate Abilities, Weirdness & Mutations

You cannot be hasted, slowed, berserked, paralysed or teleported.
You can dig through walls and to a lower floor.
Your four strong arms can wield two-handed weapons with a shield.
You have a pair of large antennae on your head. (SInv)


Message History

Confirm with . or Enter, or press ? or * to list all spells.
Aiming: Mephitic Cloud (quite dangerous; 54% risk of failure)
Press: ? - help, Shift-Dir - straight line, f/p - ogre
Aim: an ogre, wielding a +0 giant club You miscast Mephitic Cloud.
Wisps of poison gas drift from your hands.
The ogre barely misses you.
Casting: Mephitic Cloud (quite dangerous; 54% risk of failure)
Confirm with . or Enter, or press ? or * to list all spells.
Aiming: Mephitic Cloud (quite dangerous; 54% risk of failure)
Press: ? - help, Shift-Dir - straight line, f/p - ogre
Aim: an ogre, wielding a +0 giant club You miscast Mephitic Cloud.
You hear a crackling sound.
You see here an adder skeleton.
You see here an adder skeleton.
You see here an adder skeleton.
The ogre hits you with a +0 giant club!!
Ouch! That really hurt!
You die...

...#####.# ##.#.# ....)....#
#.#.# #...###### #.#.#
......# #.#.# #...#.# #.#.#
##.##.###################.#.#
##..........#.............#.#
#...#.#####.#.#######.#####.#
......## #.....@O÷...# #.#
.......######.#######.#####.#
...........>..# #.......#
.......######## #########
......[# ......## .....##
#...## #####


You could see an ogre.

Vanquished Creatures
  2 adders
  A worm (D:3)
  2 dart slugs
  2 leopard geckos
  5 orcs (D:3)
  2 ball pythons
  3 bats
  A giant cockroach (D:3)
  7 goblins
  11 hobgoblins
  2 frilled lizards (D:1)
  3 kobolds
  7 rats
48 creatures vanquished.

Notes
Turn   | Place    | Note
-------+----------+-------------------------------------------
     0 | D:1      | DildoBatman the Formicid Wizard began the quest for the
                  | Orb.
     0 | D:1      | Reached XP level 1. HP: 13/13 MP: 4/4
    15 | D:1      | Reached skill level 1 in Conjurations
   284 | D:1      | Reached XP level 2. HP: 19/19 MP: 1/6
   818 | D:1      | Reached XP level 3. HP: 24/24 MP: 5/7
   962 | D:2      | Found a stormy altar of Qazlal.
  1123 | D:2      | Found a deep blue altar of Sif Muna.
  1233 | D:2      | Noticed Jessica
  1251 | D:2      | Learned a level 3 spell: Conjure Flame
  1255 | D:2      | Learned a level 3 spell: Mephitic Cloud
  2072 | D:3      | Reached XP level 4. HP: 30/30 MP: 1/8
  2200 | D:3      | Reached skill level 1 in Shields
  2768 | D:4      | Noticed an ogre
  2920 | D:3      | Slain by an ogre

Skill      XL: |  1  2  3  4 |
---------------+-------------+-----
Conjurations   | 1 2 3 |  3.4
Shields        | 1 |  1.6
Dodging        | |  1.7
Stealth        | |  2.4
Spellcasting   | |  3.2
Summonings     | |  1.0
Translocations | |  0.8

Action                   |  1- 3 |  4- 6 || total
-------------------------+-------+-------++-------
Melee: Club              |    14 |       ||    14
       Spear             |       |    26 ||    26
 Cast: Magic Dart        |    69 |    35 ||   104
 Abil: Dig               |       |     2 ||     2
 Stab: Sleeping          |     2 |     1 ||     3
  Eat: Chunk             |     2 |     4 ||     6
Armor: Robe              |     5 |     1 ||     6
Dodge: Dodged            |    16 |    17 ||    33
Block: Buckler           |       |     4 ||     4
